 Dungeon Crawl Stone Soup version 0.31-a0-175-g9f7f995f2b (webtiles) character file.

Game seed: 14647611272463826686

730 qw the Skirmisher (level 7, 0/44 HPs)
             Began as a Gargoyle Hunter on June 16, 2023.
             Slain by a lemure (6 damage)
             ... led by Pikel
             ... on level 4 of the Dungeon.
             The game lasted 00:01:17 (2690 turns).

qw the Skirmisher (Gargoyle Hunter)                 Turns: 2690, Time: 00:01:17

Health: 0/44       AC: 10    Str: 14    XL:     7   Next: 73%
Magic:  7/7        EV: 12    Int: 10    God:
Gold:   296        SH:  0    Dex: 15    Spells: 6/6 levels left

rFire   . . .        a - +0 orcbow (heavy)
rCold   . . .        (shield currently unavailable)
rNeg    + . .        c - +1 leather armour "Xisoneyck" {rElec}
rPois   inf          f - +0 helmet
rElec   +            (no cloak)
rCorr   .            (no gloves)
SInv    .            (no boots)
Will    .....        (no amulet)
Stlth   ++           (no ring)
HPRegen 0.27/turn    (no ring)
MPRegen 0.10/turn

%: no passive effects
@: no status effects
A: sickness immunity, AC +4, negative energy resistance 1, electricity
resistance, torment resistance 1, petrification resistance
a: no special abilities


You were on level 4 of the Dungeon.
You visited 1 branch of the dungeon, and saw 4 of its levels.

You collected 296 gold pieces.


Innate Abilities, Weirdness & Mutations

You are immune to sickness and miasma.
Your stone body is resilient. (AC +4)
You are immune to poison.
You resist negative energy. (rN+)
You are resistant to electric shocks. (rElec)
You are resistant to unholy torment.
You are immune to petrification.


   Skills:
 + Level 4.4 Fighting
 - Level 8.0 Ranged Weapons
 - Level 2.1 Armour
 - Level 2.0 Dodging
 - Level 1.1 Stealth


You had 6 spell levels left.
You didn't know any spells.
Your spell library was empty.

Inventory:

Hand Weapons
 a - a +0 heavy orcbow (weapon)
Armour
 c - the +1 leather armour "Xisoneyck" (worn) {rElec}
   (You found it on level 2 of the Dungeon)

   rElec:     It insulates you from electricity.
 f - a +0 helmet (worn)
Scrolls
 g - 2 scrolls of identify
Potions
 d - a potion of curing
 e - a potion of resistance
 h - a potion of lignification
 i - a potion of mutation {unknown}

Dungeon Overview and Level Annotations

Branches:
Dungeon (4/15)
 Temple: D:4-7

Altars:

Annotations:
D:3 2 runed translucent doors, qw's ghost, amateur GrHu
D:4 1 runed translucent door, Crazy Yiuf; Dowan; Duvessa; Pikel


Message History

The lemure completely misses you. The orc barely misses you.
The orc closely misses you. The lemure closely misses you. The lemure hits you.
Your Ranged Weapons skill increases to level 8!
You shoot an arrow. The arrow closely misses the lemure.
The arrow closely misses Duvessa.
The lemure hits you.
Dowan says, "Magic and the sword, together, will defeat you."
The orc hits you but does no damage. The lemure hits you but does no damage.
You shoot an arrow. The arrow hits the lemure.
The lemure is almost dead.
The lemure hits you but does no damage. The lemure hits you.
The orc hits you but does no damage. The orc closely misses you.
The lemure closely misses you.
An orc wizard comes into view. It is wielding a +0 dagger.
The lemure hits you but does no damage.
You shoot an arrow. The orc wizard shouts!
The arrow hits the lemure!
You kill the lemure!
That felt strangely unrewarding.
Pikel, Merchant of Souls comes into view.
He is wielding a +2 whip of freezing and wearing a +2 robe of the Archmagi.
The lemure hits you. The orc misses you.
An orc wizard comes into view. It is wielding a +0 dagger.
The lemure hits you. The lemure hits you but does no damage.
The orc closely misses you.
The orc wizard mumbles some strange words.
The orc wizard flickers and vanishes!
Deactivating autopickup; reactivate with Ctrl-A.
Pikel moves out of view.
You shoot an arrow. The arrow barely misses the lemure.
The lemure barely misses you.
Dowan casts a spell.
Dowan blinks!
The orc hits you but does no damage. The lemure closely misses you.
You shoot an arrow.
Pikel shouts!
The arrow hits the lemure!!
The lemure is almost dead.
The lemure hits you.
You die...

##################
.>...............#
...##.##########@#
...............o555...o.
...##...........ge)....K
..###############..#.##.
......# ... # ......#
##.. ......# ##. ..#####
.. ..#


You could see Pikel, Duvessa, 3 lemures, an orc wizard, an orc and a hobgoblin.

Vanquished Creatures
  An ogre (D:4)
  2 kobold brigands (D:3)
  A lemure (D:4)
  A jelly (D:4)
  A hound (D:4)
  Terence (D:2)
  An iguana (D:4)
  2 orc wizards
  Natasha (twice) (D:2)
  15 gnolls
  2 adders
  A worm (D:2)
  5 dart slugs
  5 orcs
  5 bats
  7 endoplasms
  5 giant cockroaches
  8 hobgoblins
  3 jackals (D:3)
  39 kobolds
  2 quokkas
  7 ball pythons
  2 frilled lizards (D:1)
  5 goblins
  8 rats
131 creatures vanquished.

Notes
Turn   | Place    | Note
-------+----------+-------------------------------------------
     0 | D:1      | qw the Gargoyle Hunter began the quest for the Orb.
     0 | D:1      | Reached XP level 1. HP: 12/12 MP: 1/1
     0 | D:1      | 0 ||| qw: Version: 0.2-a-29-g511e9b1
     0 | D:1      | 0 ||| qw: Game counter: 5781
     0 | D:1      | 0 ||| qw: Always use a shield: true
     0 | D:1      | 0 ||| qw: God list: Okawaru
     0 | D:1      | 0 ||| qw: Allow faded altars: false
     0 | D:1      | 0 ||| qw: Do Orc after D:15 true
     0 | D:1      | 0 ||| qw: Do second Lair branch before Depths: true
     0 | D:1      | 0 ||| qw: Lair rune preference: random
     0 | D:1      | 0 ||| qw: Plans: Normal, Zot:1-4, Slime:5, God:TSO, Crypt,
                  | Tomb, Abyss, Pan, Hells, Win
     0 | D:1      | 0 ||| PLANNING D:1-11
    53 | D:1      | Reached XP level 2. HP: 17/17 MP: 2/2
   244 | D:1      | Reached XP level 3. HP: 21/21 MP: 3/3
   276 | D:1      | Reached skill level 5 in Ranged Weapons
   455 | D:1      | 455 ||| UPGRADING to +0 ring mail.
   465 | D:1      | 465 ||| DROPPING +0 leather armour.
   466 | D:1      | 466 ||| DROPPING +6 ring of intelligence.
   467 | D:1      | 467 ||| READING scroll labelled HUGUTH GONIR.
   467 | D:1      | Identified a scroll of acquirement
   467 | D:1      | 467 ||| ACQUIRING +0 heavy orcbow
   467 | D:1      | Acquired a +0 heavy orcbow
   469 | D:1      | 469 ||| UPGRADING to +0 heavy orcbow.
   470 | D:1      | 470 ||| DROPPING +0 shortbow.
   471 | D:1      | 471 ||| READING scroll labelled BUYBOX TOVISH.
   472 | D:1      | 472 ||| READING scroll labelled TUS HAUPEICSORR.
   475 | D:1      | 475 ||| DROPPING scroll of butterflies.
   551 | D:2      | Found a faded altar of an unknown god.
   593 | D:2      | Noticed Terence
   598 | D:2      | Killed Terence
   599 | D:2      | Reached XP level 4. HP: 26/27 MP: 4/4
   627 | D:2      | Identified the +1 leather armour "Xisoneyck" {rElec}
   652 | D:2      | Noticed Natasha
   654 | D:2      | Killed Natasha
   655 | D:2      | Reached skill level 3 in Fighting
  1006 | D:2      | Noticed Natasha
  1009 | D:2      | Killed Natasha
  1010 | D:2      | Reached XP level 5. HP: 32/32 MP: 5/5
  1101 | D:2      | 1101 ||| UPGRADING to +1 leather armour "Xisoneyck"
                  | {rElec}.
  1111 | D:2      | 1111 ||| UPGRADING to +0 helmet.
  1116 | D:2      | 1116 ||| DROPPING +0 ring mail.
  1117 | D:2      | 1117 ||| READING scroll labelled OCIEWUO IKKAADGHEWK.
  1118 | D:2      | 1118 ||| READING scroll labelled VOPUEB DEGG.
  1193 | D:3      | Found a runed translucent door.
  1256 | D:3      | Found Komudu's Armour Boutique.
  1284 | D:3      | Found a runed translucent door.
  1285 | D:3      | Noticed qw's ghost (amateur GrHu)
  1578 | D:3      | 1578 ||| Stepping ~*~*~tactically~*~*~ (outnumbered).
  1583 | D:3      | Reached skill level 6 in Ranged Weapons
  1635 | D:3      | Noticed a kobold brigand
  1635 | D:3      | Noticed a kobold brigand
  1639 | D:3      | Killed a kobold brigand
  1640 | D:3      | Reached XP level 6. HP: 39/39 MP: 6/6
  1650 | D:3      | HP: 8/39 [kobold brigand/+0 whip (5)]
  1656 | D:3      | HP: 8/39 [kobold/+0 club (1)]
  1856 | D:3      | 1856 ||| FLEEEEING.
  1857 | D:3      | 1857 ||| FLEEEEING.
  1858 | D:3      | 1858 ||| FLEEEEING.
  1859 | D:3      | 1859 ||| FLEEEEING.
  1867 | D:3      | Reached XP level 7. HP: 36/44 MP: 7/7
  1932 | D:3      | Reached skill level 7 in Ranged Weapons
  2406 | D:3      | 2406 ||| READING scroll labelled CEIDDA FOCHUSY.
  2407 | D:3      | 2407 ||| DRINKING 2 glowing yellow potions.
  2438 | D:3      | 2438 ||| READING 3 scrolls of identify.
  2438 | D:3      | 2438 ||| IDENTIFYING amethyst potion
  2439 | D:3      | 2439 ||| READING 2 scrolls of identify.
  2439 | D:3      | 2439 ||| IDENTIFYING bubbling inky potion
  2504 | D:4      | Found a runed translucent door.
  2505 | D:4      | Noticed Crazy Yiuf
  2670 | D:4      | Noticed Duvessa
  2673 | D:4      | Noticed Dowan
  2686 | D:4      | Reached skill level 8 in Ranged Weapons
  2687 | D:4      | HP: 10/44 [lemure[Pikel] (4)]
  2688 | D:4      | Noticed Pikel
  2690 | D:4      | Slain by a lemure

Levels and vault maps discovered:
D:1:      heliophobic_arrival_ceremonial_halls, layout_rooms,
          minmay_pentomino_q2
D:2:      layout_basic, basic_ecumenical_altar, uniq_terence, uniq_natasha
D:3:      minmay_goblin_kobold_castle, layout_rooms, serial_shops, shop,
          ebering_ghost_sewer_f
D:4:      layout_basic, uniq_pikel, uniq_menkaure, uniq_crazy_yiuf_cottage,
          uniq_duvessa

Skill      XL: |  1  2  3  4  5  6  7 |
---------------+----------------------+-----
Ranged Weapons | 5 6 8 |  8.0
Armour         | 2 |  2.1
Fighting       | 3 4 |  4.4
Dodging        | 2 |  2.0
Stealth        | |  1.1

Action                     |  1- 3 |  4- 6 |  7- 9 || total
---------------------------+-------+-------+-------++-------
   Fire: Shortbow          |    86 |       |       ||    86
         Orcbow            |    19 |   145 |    81 ||   245
    Use: Scroll            |     3 |     2 |     3 ||     8
         Potion            |       |       |     1 ||     1
 Armour: Leather armour    |    32 |    89 |    80 ||   201
         Ring mail         |     4 |     7 |       ||    11
  Dodge: Dodged            |    58 |   104 |   120 ||   282

Table legend:
 A = Non-vault XP
 B = Vault XP
 C = Vault XP percentage of total XP
 D = Non-vault monster count
 E = Vault monster count
 F = Vault count percentage of total count
                 A         B        C        D         E       F
            +---------+---------+-------+---------+---------+-------
      Total |     540 |     503 |  48.2 |      73 |      57 |  43.8
            +---------+---------+-------+---------+---------+-------
        D:1 |      49 |       2 |   3.9 |      28 |       1 |   3.4
        D:2 |      78 |      71 |  47.7 |      16 |       2 |  11.1
        D:3 |      79 |     430 |  84.5 |      15 |      54 |  78.3
        D:4 |     334 |       0 |   0.0 |      14 |       0 |   0.0
            +---------+---------+-------+---------+---------+-------
